 Dungeon Crawl Stone Soup version 0.29.0-11-gd7f09526c8 (webtiles) character file.

Game seed: 8928405511146388891

93 Zeldest the Trooper (level 4, -2/40 HPs)
             Began as a Ghoul Fighter on Sept 4, 2022.
             Killed by divine providence
             ... invoked by an orc priest
              (11 damage)
             ... on level 4 of the Dungeon.
             The game lasted 00:03:02 (401 turns).

Zeldest the Trooper (Ghoul Fighter)                  Turns: 401, Time: 00:03:02

Health: -2/40      AC:  8    Str: 21    XL:     4   Next: 61%
Magic:  3/3        EV:  9    Int:  3    God:
Gold:   102        SH:  4    Dex:  8    Spells: 3/3 levels left

rFire   . . .      SeeInvis .   o - +8 arc blade {discharge, rElec}
rCold   + . .      Faith    .   b - +0 buckler
rNeg    + + +      Spirit   .   a - +0 scale mail
rPois   ∞          Reflect  .   (no helmet)
rElec   +          Harm     .   l - +0 cloak
rCorr   .          Rampage  .   (no gloves)
Will    .....                   (no boots)
Stlth   ..........              (no amulet)
HPRegen 0.00/turn               (no ring)
MPRegen 0.08/turn               (no ring)

@: inhibited regen
A: claws 1, cold resistance 1, negative energy resistance 3, inhibited
regeneration, torment resistance 2, devour on kill
a: no special abilities


You were on level 4 of the Dungeon.
You visited 1 branch of the dungeon, and saw 5 of its levels.

You collected 102 gold pieces.

Inventory:

Hand Weapons
 o - the +8 arc blade (weapon) {discharge, rElec}
   (You found it on level 4 of the Dungeon)

   It occasionally unleashes powerful arcs of lightning upon striking a foe.
   These may arc to other adjacent creatures (including the wielder, but dealing
   reduced damage to them) before grounding out.
   rElec:     It insulates you from electricity.
Armour
 a - a +0 scale mail (worn)
 b - a +0 buckler (worn)
 l - a +0 cloak (worn)
Wands
 j - a wand of quicksilver (7)
 m - a wand of charming (7)
 n - a wand of digging (3)
Scrolls
 e - 2 scrolls of butterflies {unknown}
 i - 2 scrolls of teleportation {unknown}
Potions
 c - a potion of might
 d - 2 potions of berserk rage {unknown}
 f - 2 potions of brilliance {unknown}
 g - a potion of lignification {unknown}
 h - 2 potions of cancellation
 k - a potion of heal wounds {unknown}


   Skills:
 - Level 4.0 Fighting
 * Level 0.0 Short Blades
 - Level 3.3 Armour
 - Level 2.6 Shields
 - Level 3.9 Unarmed Combat


You had 3 spell levels left.
You didn't know any spells.
Your spell library contained the following spells:

 Spells                   Type           Power      Damage    Failure   Level
 Blink                    Tloc           0%         N/A       97%         2
 Lesser Beckoning         Tloc           0%         N/A       100%        3
 Manifold Assault         Tloc           0%         N/A       100%        5
 Beastly Appendage        Tmut           Unusable   N/A       N/A         1
 Wereblood                Tmut           Unusable   N/A       N/A         2
 Spider Form              Tmut/Pois      Unusable   N/A       N/A         3

Dungeon Overview and Level Annotations

Branches:
Dungeon (5/15)
 Temple: D:4-7

Altars:


Innate Abilities, Weirdness & Mutations

You are immune to poison.
You have sharp fingernails.
Your flesh is cold resistant. (rC+)
You are immune to negative energy. (rN+++)
You do not regenerate when monsters are visible.
You are immune to unholy pain and torment.
You thrive by killing the living.


Message History

The iguana is heavily wounded.
The iguana bites you but does no damage.
You scratch the iguana.
The iguana is severely wounded.
The iguana bites you!
You scratch the iguana.
The iguana is severely wounded.
The iguana bites you!
* * * LOW HITPOINT WARNING * * *
You scratch the iguana.
The iguana is almost dead.
You block the iguana's attack.
You scratch the iguana.
You kill the iguana!
Your Fighting skill increases to level 4!
You see here a +0 robe.
Found a stone staircase leading up and a stone staircase leading down.
There is a stone staircase leading up here.
You climb upwards.
Found four items.
There is a stone staircase leading down here.
Found 11 gold pieces.
Found a stone staircase leading up.
Found a white potion and a sling.
You see here a wand of digging (3).
n - a wand of digging (3)
Press: ? - help, v - describe, . - travel, g - get item Item here: the +8 arc blade {discharge, rElec}.
The floor.
Found 6 curare-tipped darts.
You see here the +8 arc blade {discharge, rElec}.
The arc blade crackles to life.
o - the +8 arc blade (weapon)
{discharge, rElec} An orc priest comes into view.
It is wielding a +0 hand axe.
An orc priest comes into view. It is wielding a +2 dagger of speed.
The orc priest shouts!
It was a potion of cancellation.
You feel magically purged.
The orc priest invokes the aid of Beogh against you.
Beogh smites you!
You die...

.........###.#####
.#.........#.....#
.............#...##
...).......>......#
.........#..####..#
..........#.# #..# . .
............####..####....
....<..........#......)...
.........##.....@##.......
........###..#............
..........##.#....[.o.....
#....####.##$#.....#..o(..
#....# #.................
....#####.....###...#.!...
#####......>..# .#<#.....
#.###.....# .#.# #
#.......#.#.#


You could see 2 orc priests.

Vanquished Creatures
  An iguana (D:5)
  3 adders
  2 orcs
  A ball python (D:2)
  4 bats
  6 endoplasms
  2 giant cockroaches
  3 hobgoblins
  2 jackals (D:3)
  4 kobolds
  A quokka (D:3)
  A frilled lizard (D:2)
  3 goblins
  A rat (D:3)
34 creatures vanquished.

Notes
Turn   | Place    | Note
-------+----------+-------------------------------------------
     0 | D:1      | Zeldest the Ghoul Fighter began the quest for the Orb.
     0 | D:1      | Reached XP level 1. HP: 19/19 MP: 0/0
    95 | D:2      | Reached XP level 2. HP: 26/26 MP: 1/1
   182 | D:3      | Reached XP level 3. HP: 31/31 MP: 2/2
   329 | D:4      | Reached XP level 4. HP: 39/40 MP: 3/3
   342 | D:5      | Entered Level 5 of the Dungeon
   380 | D:5      | Reached skill level 4 in Fighting
   386 | D:4      | Found the +8 arc blade {discharge, rElec}
   401 | D:4      | Killed from afar by an orc priest

Illustrated notes

Levels and vault maps discovered:
D:1:      dpeg_arrival_water_fire, layout_basic, serial_shops,
          nicolae_diamond_shop
D:2:      layout_rooms, uniq_robin
D:3:      layout_basic, ebering_ecumenical_altar_mist, minmay_misc_feat_hallway,
          roderic_batcave, minmay_randomly_rotated_circles
D:4:      layout_rooms, kennysheep_generic_room_11, uniq_pikel
D:5:      layout_rooms, nicolae_ru_great_annihilating_truth, kennysheep_potato

Skill      XL: |  1  2  3  4 |
---------------+-------------+-----
Unarmed Combat | 3 |  3.9
Armour         | 3 |  3.3
Fighting       | 4 |  4.0
Shields        | |  2.6

Action                   |  1- 3 |  4- 6 || total
-------------------------+-------+-------++-------
Melee: Unarmed           |    91 |    13 ||   104
  Use: Potion            |       |     1 ||     1
Armor: Scale mail        |    48 |     7 ||    55
Dodge: Dodged            |    39 |     3 ||    42
Block: Buckler           |    19 |     2 ||    21
